 Dungeon Crawl Stone Soup version 0.17.0-28-g6e173f8 (webtiles) character file.

4 4thArraOfDagon the Ruffian (level 1, 20/20 HPs)
             Began as a Minotaur Monk on Nov 26, 2015.
             Quit the game on level 6 of the Dungeon.
             The game lasted 00:02:19 (351 turns).

4thArraOfDagon the Ruffian (Minotaur Monk)           Turns: 351, Time: 00:02:19

Health: 20/20      AC:  2    Str: 15    XL:     1   Next: 50%
Magic:  0/0        EV: 13    Int:  7    God:
Gold:   27         SH:  0    Dex: 12    Spells: 0 memorised, 0 levels left

rFire  . . .     SeeInvis .       - Unarmed
rCold  . . .     Clarity  .     a - +0 robe
rNeg   . . .     SustAt   .     (no shield)
rPois  .         Gourm    .     (helmet restricted)
rElec  .         Spirit   .     (no cloak)
rCorr  .         Warding  .     (no gloves)
rMut   .         Stasis   .     (no boots)
MR     .....                    (no amulet)
Stlth  ++........               (no ring)
                                (no ring)

@: not resistant to hostile enchantments, unstealthy
A: retaliatory headbutt, horns 2
a: no special abilities


You were on level 6 of the Dungeon.
You were not hungry.

You visited 1 branch of the dungeon, and saw 6 of its levels.

You collected 76 gold pieces.
You spent 49 gold pieces at shops.

Inventory:

Hand Weapons
 i - a +0 battleaxe
Missiles
 f - 2 exploding tomahawks (quivered)
Armour
 a - a +0 robe (worn)
Scrolls
 c - a scroll of identify
 d - a scroll of noise
 h - a scroll of fog
Potions
 e - a potion of curing
Comestibles
 b - 2 bread rations
 g - a slice of pizza


   Skills:
 + Level 3.7 Fighting
 * Level 0.0 Axes
 - Level 3.4 Dodging
 - Level 1.5 Stealth
 - Level 4.5 Unarmed Combat


You couldn't memorise any spells.
You didn't know any spells.

Dungeon Overview and Level Annotations

Branches:
Dungeon (6/15)
 Temple: D:4-7

Altars:
Elyvilon
Fedhas
Makhleb
Okawaru
Sif Muna
Xom
Yredelemnul

Shops:
D:5 ?


Innate Abilities, Weirdness & Mutations

You reflexively headbutt those who attack you in melee.
You have a pair of horns on your head.


Message History

Found a shimmering altar of Xom and an iron altar of Okawaru.
Unknown command.
A giant frog comes into view.
Found a deep blue altar of Sif Muna.
Found a robe.
Unknown command.
A killer bee comes into view.
The killer bee buzzes angrily. 2 killer bees and an orc come into view.
Unknown command.
Read which item? (? for menu, Esc to quit)
As you read the scroll labeled TUCYLAHIUX, it crumbles to dust.
You hear a loud clanging noise!
It was a scroll of noise.
The orc shouts!
The killer bee buzzes angrily.
The killer bee buzzes angrily.
You hear an angry buzzing noise. x2 2 killer bees come into view.
Drink which item? (? for menu, Esc to quit)
Okay, then.
Are you sure you want to abandon this character and quit the game? (Confirm with "yes".)

#.. #####...##..##..#
...+......#....#.......#
..........+....#.......#
......_...####+######..#
.[......_.........###..#
..................+....#
..._..8.._........#....#
.o................##+###
y.yy_F.@_...# #.......
y.y..._.....# #.......
....#.......# #.......
... #.##....#####.......
# ... ##+#.............
#... #..'.............
#.. #..#.............
#.. ####.............
........#######+##


You could see a giant frog, 5 killer bees and an orc.

Vanquished Creatures
  A worm (D:3)
  A bat (D:2)
2 creatures vanquished.

Notes
Turn   | Place    | Note
--------------------------------------------------------------
     0 | D:1      | 4thArraOfDagon the Minotaur Monk began the quest for the Orb.
     0 | D:1      | Reached XP level 1. HP: 19/19 MP: 0/0
   100 | D:4      | Noticed a giant frog skeleton
   108 | D:5      | Entered Level 5 of the Dungeon
   116 | D:5      | Found Herif's Magic Scroll Emporium.
   176 | D:5      | Bought a scroll of magic mapping for 49 gold pieces
   326 | D:6      | Noticed a worker ant
   340 | D:6      | Found a blossoming altar of Fedhas.
   343 | D:6      | Found a burning altar of Makhleb.
   345 | D:6      | Found a white marble altar of Elyvilon.
   345 | D:6      | Found a basalt altar of Yredelemnul.
   346 | D:6      | Found a shimmering altar of Xom.
   346 | D:6      | Found an iron altar of Okawaru.
   347 | D:6      | Found a deep blue altar of Sif Muna.
   347 | D:6      | Noticed a giant frog
   349 | D:6      | Noticed a killer bee
   350 | D:6      | Noticed a killer bee
   350 | D:6      | Noticed a killer bee
   351 | D:6      | Noticed a killer bee
   351 | D:6      | Noticed a killer bee
   351 | D:6      | Quit the game

Action                   || total
-------------------------++-------
Melee: Unarmed           ||     4
  Use: Scroll            ||     5
 Stab: Sleeping          ||     1
